 Dungeon Crawl Stone Soup version 0.23-a0-143-g1adec7bb76 (webtiles) character file.

89 Holzbalken the Cudgeler (level 4, 0/28 HPs)
             Began as a Gargoyle Monk on Sept 1, 2018.
             Was a Believer of Makhleb.
             Slain by a wight
             ... wielding a +0 halberd
              (12 damage)
             ... on level 3 of the Dungeon.
             The game lasted 00:08:50 (2228 turns).

Holzbalken the Cudgeler (Gargoyle Monk)             Turns: 2228, Time: 00:08:51

Health: 0/28       AC:  9    Str: 16    XL:     4   Next: 55%
Magic:  4/4        EV: 11    Int: 10    God:    Makhleb [**....]
Gold:   104        SH:  0    Dex: 12    Spells: 3/3 levels left

rFire    . . .     SeeInvis .   p - +0 flail
rCold    . . .     Gourm    .   (no shield)
rNeg     + . .     Faith    .   n - +0 ring mail
rPois    ∞         Spirit   .   (no helmet)
rElec    +         Reflect  .   (no cloak)
rCorr    .         Harm     .   (no gloves)
MR       .....                  m - +0 pair of boots
Stlth    +.........             (no amulet)
HPRegen  0.09/turn              (no ring)
MPRegen  0.09/turn              (no ring)

@: no status effects
A: negative energy resistance 1, electricity resistance, unbreathing,
petrification resistance, rot immunity, AC +3
a: Minor Destruction, Renounce Religion


You were on level 3 of the Dungeon.
You worshipped Makhleb.
Makhleb was pleased with you.
You were not hungry.

You visited 1 branch of the dungeon, and saw 3 of its levels.

You collected 104 gold pieces.

Inventory:

Hand Weapons
 a - a +0 mace
 p - a +0 flail (weapon)
Armour
 b - a +0 robe
 f - a +0 leather armour
 m - a +0 pair of boots (worn)
 n - a +0 ring mail (worn)
Scrolls
 e - 2 scrolls of identify {unknown}
 g - a scroll of magic mapping {unknown}
 i - 2 scrolls of enchant weapon {unknown}
 j - a scroll of blinking {unknown}
 k - a scroll of teleportation {unknown}
 l - a scroll of enchant armour {unknown}
 o - a scroll of amnesia {unknown}
Potions
 d - 2 potions of haste {unknown}
 h - a potion of curing {unknown}
Comestibles
 c - 3 rations
 q - a chunk of flesh


   Skills:
 - Level 3.2 Fighting
 * Level 5.2 Maces & Flails
 - Level 2.4 Dodging
 - Level 2.1 Stealth


You had 3 spell levels left.
You didn't know any spells.
Your spell library was empty.

Dungeon Overview and Level Annotations

Branches:
Dungeon (3/15)

Altars:
Makhleb


Innate Abilities, Weirdness & Mutations

You are resistant to torment.
Your stone body is resilient. (AC +3)
You are immune to poison.
You resist negative energy. (rN+)
You are resistant to electric shocks. (rElec)
You can survive without breathing.
You are immune to petrification.
You are immune to rotting.


Message History

The wight barely misses you.
You closely miss the wight.
The wight is heavily damaged.
The wight hits you with a halberd!
You closely miss the wight.
The wight is heavily damaged.
The wight hits you with a halberd!
You closely miss the wight.
The wight is heavily damaged.
The wight closely misses you.
You hit the wight but do no damage.
The wight is heavily damaged.
The wight closely misses you.
You closely miss the wight.
The wight is heavily damaged.
The wight closely misses you.
You closely miss the wight.
The wight is heavily damaged.
The wight hits you with a halberd!
You die...

#. #. #. #. ..## #.
.....#
####.#####...#.#
#............#.####
##z@#####.......
#.............#
#...###.......#
#...###.......###
#.............>..
#.....#......####
#............#
.......)...###
##........>.##


You could see a wight.

Vanquished Creatures
  An iron imp (D:2)
  2 adders
  2 oozes
  A worm (D:2)
  2 orcs (D:3)
  A giant cockroach (D:1)
  7 goblins
  2 jackals (D:2)
  A quokka (D:3)
  A ball python (D:1)
  3 bats
  A frilled lizard (D:1)
  5 kobolds
  3 rats
32 creatures vanquished.

Notes
Turn   | Place    | Note
-------+----------+-------------------------------------------
     0 | D:1      | Holzbalken the Gargoyle Monk began the quest for the Orb.
     0 | D:1      | Reached XP level 1. HP: 14/14 MP: 1/1
   353 | D:1      | Reached XP level 2. HP: 19/19 MP: 2/2
  1013 | D:2      | Reached skill level 4 in Maces & Flails
  1155 | D:2      | Reached XP level 3. HP: 7/23 MP: 3/3
  1614 | D:2      | Found a burning altar of Makhleb.
  1627 | D:2      | Became a worshipper of Makhleb the Destroyer
  1627 | D:2      | Reached * piety under Makhleb
  1627 | D:2      | Reached ** piety under Makhleb
  1654 | D:2      | Reached XP level 4. HP: 28/28 MP: 4/4
  2008 | D:3      | Reached skill level 5 in Maces & Flails
  2228 | D:3      | Slain by a wight

Vault maps used:
D:1:      denvon_arrival_planthouse
D:2:      makhleb_grotto_becter
D:3:      amethyst_overflow_temple_binary, nemelex_lonely_heart_becter

Skill      XL: |  1  2  3  4 |
---------------+-------------+-----
Maces & Flails | 4 5 |  5.2
Fighting       | |  3.2
Dodging        | |  2.4
Stealth        | |  2.1

Action                   |  1- 3 |  4- 6 || total
-------------------------+-------+-------++-------
Melee: Mace              |    73 |    30 ||   103
       Flail             |       |    32 ||    32
 Stab: Sleeping          |     2 |       ||     2
  Eat: Chunk             |     2 |       ||     2
       Ration            |       |     1 ||     1
Armor: Robe              |     8 |       ||     8
       Leather armour    |    22 |       ||    22
       Ring mail         |     3 |    27 ||    30
Dodge: Dodged            |    44 |    46 ||    90

Table legend:
 A = Non-vault XP
 B = Vault XP
 C = Vault XP percentage of total XP
 D = Non-vault monster count
 E = Vault monster count
 F = Vault count percentage of total count
                 A         B        C        D         E       F
            +---------+---------+-------+---------+---------+-------
      Total |      89 |      39 |  30.5 |      31 |       1 |   3.1
            +---------+---------+-------+---------+---------+-------
        D:1 |      28 |       0 |   0.0 |      15 |       0 |   0.0
        D:2 |      32 |      39 |  54.9 |      10 |       1 |   9.1
        D:3 |      29 |       0 |   0.0 |       6 |       0 |   0.0
            +---------+---------+-------+---------+---------+-------
